Pirates vs Monsters

Created - Tuesday, December 09, 2014 at 21:19

Goals
1 2 3 T
Pirates 8 0 3 11
Monsters 1 0 0 1
Shots
1 2 3 T
Pirates 13 10 14 37
Monsters 7 4 7 18

1st period

1. Pirates , Bobby Butler 7 (Hal Gill) at 0:34
2. Pirates , Brandon Segal 4 (Eric Tangradi, Peter Holland) at 1:12
3. Pirates , Nick Johnson 6 (Arron Asham, Tobias Rieder) at 1:44
4. Pirates , Bobby Butler 8 (Aaron Rome, Ryan Stoa) at 7:47
5. Pirates , Aaron Rome 5 (Bobby Butler, David Steckel) at 8:01
6. Pirates , Mike Komisarek 3 (Bobby Butler, Ryan Stoa) at 10:34 (PP)
7. Pirates , Aaron Rome 6 (Alex Broadhurst) at 13:13
8. Pirates , Ryan Stoa 3 (Bobby Butler, Mike Komisarek) at 17:01 (PP)
9. Monsters , Paul Bissonnette 8 (Ben Street) at 17:27

Penalties :
Greg Rallo (POR) for Interference (Minor) at 2:08, Farm Player18 (LAM) for Hooking (Minor) at 10:21, David Steckel (POR) for Holding Stick (Minor) at 13:29, Farm Player13 (LAM) for Roughing (Minor) at 16:23

2nd period

No Goal

Penalties :
Farm Player18 (LAM) for Diving (Minor) at 3:40, Arron Asham (POR) for Tripping (Minor) at 10:42

3rd period

10. Pirates , Tobias Rieder 5 (Arron Asham, Nick Johnson) at 4:59
11. Pirates , Bobby Butler 9 (Aaron Rome, Alex Broadhurst) at 14:27
12. Pirates , Henrik Tommernes 1 (Brandon Segal, Peter Holland) at 16:25

Penalties :
Farm Player35 (LAM) for High sticking (Minor) at 0:25, Aaron Rome (POR) for Hooking (Minor) at 10:48, Farm Player18 (LAM) for Hooking (Minor) at 18:51, Brandon Segal (POR) for Hooking (Minor) at 19:19

Goalie Stats

Malcolm Subban (POR), 17 saves from 18 shots - (0.944), W, 9-2-10, 60:00 minutes
Farm Player80 (LAM), 25 saves from 32 shots - (0.781), L, 1-21-1, 50:46 minutes
Farm Player100 (LAM), 1 saves from 5 shots - (0.200), 9:14 minutes

Players Stats for Pirates

Player Name              G  A  P  +/- PIM S  H  SB GA TA FO     MP     PP MP  PK MP  
------------------------------------------------------------------------------------
Aaron Rome               2  2  4   5  2   4  1  1  1  1  0/0    18:43   1:45   1:55 
Alex Broadhurst          0  2  2   2  0   0  0  1  0  0  2/5     7:03   0:00   0:00 
Andrew Alberts           0  0  0   5  0   2  2  1  0  0  0/0    19:02   1:45   2:42 
Arron Asham              0  2  2   1  2   2  0  0  3  0  0/1    17:07   0:00   2:59 
Bobby Butler             3  3  6   5  0   6  0  1  1  1  6/8    23:41   2:22   4:45 
Brandon Segal            1  1  2   2  2   2  3  1  0  1  1/1    19:13   2:54   1:41 
David Steckel            0  1  1   3  2   0  0  0  0  0  3/12   18:57   2:22   4:15 
Eric Tangradi            0  1  1   2  0   0  4  0  2  0  0/0    15:32   2:55   0:00 
Greg Rallo               0  0  0   2  2   0  1  0  0  0  0/0     7:39   0:00   0:00 
Hal Gill                 0  1  1   1  0   2  1  0  0  6  0/0    25:38   3:32   5:14 
Henrik Tommernes         1  0  1   2  0   2  2  0  0  0  0/0    16:07   0:00   0:47 
Joey Hishon              0  0  0   0  0   0  0  0  0  0  0/0     0:00   0:00   0:00 
Mike Komisarek           1  1  2   1  0   3  4  1  1  2  0/0    25:38   3:32   5:14 
Nick Johnson             1  1  2   1  0   3  3  0  1  0  0/0    14:04   0:00   0:00 
Peter Holland            0  2  2   2  0   4  2  0  5  0  9/14   16:08   2:55   0:31 
Ryan Stoa                1  2  3   3  0   4  1  1  0  2  0/0    16:45   2:22   1:41 
Tobias Rieder            1  1  2   1  0   2  0  1  6  0  4/10   14:42   0:00   0:00 
Vincent LoVerde          0  0  0   2  0   1  2  1  0  0  0/0    15:20   0:00   0:00 

Players Stats for Monsters

Player Name              G  A  P  +/- PIM S  H  SB GA TA FO     MP     PP MP  PK MP  
------------------------------------------------------------------------------------
Andrej Nestrasil         0  0  0  -2  0   1  2  2  6  1  4/8    15:33   4:11   4:08 
Andrew Joudrey           0  0  0  -4  0   3  1  2  4  2  7/11   21:48   3:42   0:00 
Ben Street               0  1  1  -1  0   3  0  1  3  0  6/9    18:39   3:45   0:58 
Benn Ferriero            0  0  0  -4  0   0  2  2  4  2  3/9    23:46   4:08   4:08 
Brett Hextall            0  0  0  -2  0   0  1  3  1  0  0/0    13:28   0:00   0:00 
Farm Player13            0  0  0  -4  2   1  0  0  0  0  0/0    19:15   2:58   1:42 
Farm Player18            0  0  0  -3  6   0  2  1  0  0  0/0    18:15   0:03   1:00 
Farm Player27            0  0  0  -1  0   0  1  0  0  0  0/0     7:36   0:00   0:05 
Farm Player32            0  0  0  -4  0   0  1  1  0  0  0/0    17:55   2:58   1:40 
Farm Player33            0  0  0  -2  0   0  1  0  0  0  0/0    16:29   0:25   0:00 
Farm Player35            0  0  0  -1  2   0  1  0  0  0  0/0    20:20   4:58   2:41 
Gleason Fournier         0  0  0  -2  0   0  2  1  0  1  0/0    25:19   4:33   3:37 
Justin Mercier           0  0  0  -3  0   2  1  0  1  0  1/1    11:49   0:00   0:00 
Matthew Corrente         0  0  0   0  0   0  0  0  0  0  0/0     0:00   0:00   0:00 
Max Friberg              0  0  0  -1  0   2  0  1  0  1  0/2    18:39   3:45   0:58 
Paul Bissonnette         1  0  1  -1  0   1  7  0  3  2  0/0    16:49   3:45   0:00 
Raphael Bussieres        0  0  0  -2  0   3  2  1  3  1  0/1    15:34   0:29   0:00 
Tanner Richard           0  0  0  -3  0   2  2  1  1  0  5/10   12:44   0:00   0:11 

3 Stars

1 - Bobby Butler (POR)
2 - Aaron Rome (POR)
3 - Ryan Stoa (POR)

Power Play

Pirates - 2 on 5 Attempt(s) - 40.00%
Monsters - 0 on 5 Attempt(s) - 0.00%

Penalty Kill

Pirates - 5 on 5 Attempt(s) - 100.00% - Score 0 goal in Penalty Kill
Monsters - 3 on 5 Attempt(s) - 60.00% - Score 0 goal in Penalty Kill

Official

Referees : Unknown
Linesman : Unknown

Game Notes

Farm Player100 enters game at 7:47 of 1st period
Farm Player80 enters game at 17:01 of 1st period
4:59 of 3rd period - Pirates goal is going for a video replay. After video review, Goal.
Bobby Butler has scored a Hat Trick!

Finance

Level 1 -- Attendance: 1421 (71.05%) -- Ticket Income $49,735
Level 2 -- Attendance: 775 (77.50%) -- Ticket Income $11,625
Total Attendance: 2196 (73.20%)
Total Ticket Income: $61,360
Other Income: $30,066
Total Income: $91,426

Pirates

5 vs 5 Forward 
   Center                   Left Wing                Right Wing               Time % Phy DF OF 
 1 David Steckel            Ryan Stoa                Bobby Butler             35     1   2  2  
 2 Peter Holland            Eric Tangradi            Brandon Segal            30     1   2  2  
 3 Tobias Rieder            Nick Johnson             Arron Asham              22     1   2  2  
 4 Alex Broadhurst          Bobby Butler             Greg Rallo               13     1   2  2  

5 vs 5 Defense 
   Defense                  Defense                                           Time % Phy DF OF 
 1 Hal Gill                 Mike Komisarek                                    35     1   2  2  
 2 Aaron Rome               Andrew Alberts                                    30     1   2  2  
 3 Vincent LoVerde          Henrik Tommernes                                  22     1   2  2  
 4 Hal Gill                 Mike Komisarek                                    13     1   2  2  

PowerPlay Forward 
   Center                   Left Wing                Right Wing               Time % Phy DF OF 
 1 David Steckel            Ryan Stoa                Bobby Butler             60     1   2  2  
 2 Peter Holland            Eric Tangradi            Brandon Segal            40     1   2  2  

PowerPlay Defense
   Defense                  Defense                                           Time % Phy DF OF 
 1 Hal Gill                 Mike Komisarek                                    60     1   2  2  
 2 Aaron Rome               Andrew Alberts                                    40     1   2  2  

Penalty Kill 4 Players Forward 
   Center                   Wing                     Time % Phy DF OF 
 1 Bobby Butler             David Steckel            60     1   2  2  
 2 Brandon Segal            Ryan Stoa                40     1   2  2  

Penalty Kill 4 Players Defense
   Defense                  Defense                  Time % Phy DF OF 
 1 Hal Gill                 Mike Komisarek           60     1   2  2  
 2 Aaron Rome               Andrew Alberts           40     1   2  2  

Penalty Kill - 3 Players Forward 
   Forward                                           Time % Phy DF OF 
 1 Bobby Butler                                      60     1   2  2  
 2 David Steckel                                     40     1   2  2  

Penalty Kill - 3 Players Defense
   Defense                  Defense                  Time % Phy DF OF 
 1 Hal Gill                 Mike Komisarek           60     1   2  2  
 2 Aaron Rome               Andrew Alberts           40     1   2  2  

4 vs 4 Forward 
   Center                   Wing                     Time % Phy DF OF 
 1 Bobby Butler             David Steckel            60     1   2  2  
 2 Brandon Segal            Ryan Stoa                40     1   2  2  

4 vs 4 Defense
   Defense                  Defense                  Time % Phy DF OF 
 1 Hal Gill                 Mike Komisarek           60     1   2  2  
 2 Aaron Rome               Andrew Alberts           40     1   2  2  

Last Minutes Offensive
   Center                   Left Wing                Right Wing               Defense                  Defense                  
   David Steckel            Ryan Stoa                Bobby Butler             Hal Gill                 Mike Komisarek           

Last Minutes Defensive
   Center                   Left Wing                Right Wing               Defense                  Defense                  
   David Steckel            Ryan Stoa                Bobby Butler             Hal Gill                 Mike Komisarek           

Goaltenders
Starting : Malcolm Subban           
Backup : Mike McKenna             

Extra Forwards
Normal : Tobias Rieder, Nick Johnson, Arron Asham - PP : Tobias Rieder, Nick Johnson - PK : Arron Asham
Extra Defensemen
Normal : Vincent LoVerde, Henrik Tommernes, Aaron Rome - PP : Vincent LoVerde - PK : Henrik Tommernes, Aaron Rome
Penalty Shots
Bobby Butler, David Steckel, Brandon Segal, Ryan Stoa, Peter Holland

Monsters

5 vs 5 Forward 
   Center                   Left Wing                Right Wing               Time % Phy DF OF 
 1 Andrej Nestrasil         Benn Ferriero            Andrew Joudrey           35     1   2  2  
 2 Ben Street               Max Friberg              Paul Bissonnette         30     1   2  2  
 3 Andrew Joudrey           Raphael Bussieres        Brett Hextall            22     1   2  2  
 4 Tanner Richard           Justin Mercier           Benn Ferriero            13     1   2  2  

5 vs 5 Defense 
   Defense                  Defense                                           Time % Phy DF OF 
 1 Gleason Fournier         Farm Player35                                     35     1   2  2  
 2 Farm Player13            Farm Player32                                     30     1   2  2  
 3 Farm Player33            Farm Player18                                     22     1   2  2  
 4 Farm Player27            Gleason Fournier                                  13     1   2  2  

PowerPlay Forward 
   Center                   Left Wing                Right Wing               Time % Phy DF OF 
 1 Andrej Nestrasil         Benn Ferriero            Andrew Joudrey           60     1   2  2  
 2 Ben Street               Max Friberg              Paul Bissonnette         40     1   2  2  

PowerPlay Defense
   Defense                  Defense                                           Time % Phy DF OF 
 1 Gleason Fournier         Farm Player35                                     60     1   2  2  
 2 Farm Player13            Farm Player32                                     40     1   2  2  

Penalty Kill 4 Players Forward 
   Center                   Wing                     Time % Phy DF OF 
 1 Benn Ferriero            Andrej Nestrasil         60     1   2  2  
 2 Ben Street               Max Friberg              40     1   2  2  

Penalty Kill 4 Players Defense
   Defense                  Defense                  Time % Phy DF OF 
 1 Gleason Fournier         Farm Player35            60     1   2  2  
 2 Farm Player13            Farm Player32            40     1   2  2  

Penalty Kill - 3 Players Forward 
   Forward                                           Time % Phy DF OF 
 1 Benn Ferriero                                     60     1   2  2  
 2 Andrej Nestrasil                                  40     1   2  2  

Penalty Kill - 3 Players Defense
   Defense                  Defense                  Time % Phy DF OF 
 1 Gleason Fournier         Farm Player35            60     1   2  2  
 2 Farm Player13            Farm Player32            40     1   2  2  

4 vs 4 Forward 
   Center                   Wing                     Time % Phy DF OF 
 1 Benn Ferriero            Andrej Nestrasil         60     1   2  2  
 2 Ben Street               Max Friberg              40     1   2  2  

4 vs 4 Defense
   Defense                  Defense                  Time % Phy DF OF 
 1 Gleason Fournier         Farm Player35            60     1   2  2  
 2 Farm Player13            Farm Player32            40     1   2  2  

Last Minutes Offensive
   Center                   Left Wing                Right Wing               Defense                  Defense                  
   Andrej Nestrasil         Benn Ferriero            Ben Street               Gleason Fournier         Farm Player35            

Last Minutes Defensive
   Center                   Left Wing                Right Wing               Defense                  Defense                  
   Andrej Nestrasil         Benn Ferriero            Ben Street               Gleason Fournier         Farm Player35            

Goaltenders
Starting : Farm Player80            
Backup : Farm Player100           

Extra Forwards
Normal : Andrew Joudrey, Raphael Bussieres, Tanner Richard - PP : Andrew Joudrey, Raphael Bussieres - PK : Tanner Richard
Extra Defensemen
Normal : Farm Player33, Farm Player18, Farm Player27 - PP : Farm Player33 - PK : Farm Player18, Farm Player27
Penalty Shots
Benn Ferriero, Andrej Nestrasil, Ben Street, Max Friberg, Farm Player35

% Time on Ice - Pirates

Lines # - Real PCT - Wanted PCT - Time Play
Normal Forward
1 - 23% - 35% - 10:46
2 - 32% - 30% - 14:38
3 - 30% - 22% - 13:40
4 - 15% - 13% - 7:03
Normal Defense
1 - 30% - 35% - 14:02
2 - 32% - 30% - 14:35
3 - 33% - 22% - 15:20
4 - 5% - 13% - 2:10
PP Forward
1 - 45% - 60% - 2:22
2 - 55% - 40% - 2:55
PP Defense
1 - 67% - 60% - 3:32
2 - 33% - 40% - 1:45
PK Forward
1 - 79% - 60% - 6:15
2 - 21% - 40% - 1:41
PK Defense
1 - 66% - 60% - 5:14
2 - 34% - 40% - 2:42
PK3 Forward
1 - 0% - 60%
2 - 0% - 40%
PK3 Defense
1 - 0% - 60%
2 - 0% - 40%
44 Forward
1 - 100% - 60% - 0:40
2 - 0% - 40% - 0:00
44 Defense
1 - 100% - 60% - 0:40
2 - 0% - 40% - 0:00
Last Minute Offensive  - 0:00
Last Minute Defensive  - 0:00
Total
Forward - 60:00
Defense - 60:00

% Time on Ice - Monsters

Lines # - Real PCT - Wanted PCT - Time Play
Normal Forward
1 - 15% - 35% - 6:54
2 - 30% - 30% - 13:56
3 - 29% - 22% - 13:28
4 - 26% - 13% - 11:49
Normal Defense
1 - 27% - 35% - 12:21
2 - 28% - 30% - 12:45
3 - 33% - 22% - 15:08
4 - 13% - 13% - 5:53
PP Forward
1 - 53% - 60% - 4:11
2 - 47% - 40% - 3:45
PP Defense
1 - 63% - 60% - 4:58
2 - 37% - 40% - 2:58
PK Forward
1 - 82% - 60% - 4:19
2 - 18% - 40% - 0:58
PK Defense
1 - 68% - 60% - 3:37
2 - 32% - 40% - 1:40
PK3 Forward
1 - 0% - 60%
2 - 0% - 40%
PK3 Defense
1 - 0% - 60%
2 - 0% - 40%
44 Forward
1 - 100% - 60% - 0:40
2 - 0% - 40% - 0:00
44 Defense
1 - 100% - 60% - 0:40
2 - 0% - 40% - 0:00
Last Minute Offensive  - 0:00
Last Minute Defensive  - 0:00
Total
Forward - 60:00
Defense - 60:00

Play by Play

1st period


0:01 of 1st period - Andrej Nestrasil wins face-off versus David Steckel in neutral zone.
0:34 of 1st period - Slapshot by Bobby Butler.
0:34 of 1st period - Goal by Bobby Butler - Pirates : 1 - Monsters : 0.
0:35 of 1st period - Peter Holland wins face-off versus Ben Street in neutral zone.
0:38 of 1st period - Snap shot by Peter Holland.
0:38 of 1st period - Shot Misses the Net.
0:40 of 1st period - Slapshot by Andrew Alberts.
0:40 of 1st period - Stopped by Farm Player80 with a rebound.
1:10 of 1st period - Snap shot by Eric Tangradi.
1:10 of 1st period - Shot Misses the Net.
1:12 of 1st period - Slapshot by Brandon Segal.
1:12 of 1st period - Goal by Brandon Segal - Pirates : 2 - Monsters : 0.
1:13 of 1st period - Andrew Joudrey wins face-off versus Tobias Rieder in neutral zone.
1:16 of 1st period - Nick Johnson is hit by Farm Player18 and loses puck.
1:44 of 1st period - Snap shot by Nick Johnson.
1:44 of 1st period - Goal by Nick Johnson - Pirates : 3 - Monsters : 0.
1:45 of 1st period - Tanner Richard wins face-off versus Alex Broadhurst in neutral zone.
1:57 of 1st period - Slapshot by Bobby Butler.
1:57 of 1st period - Shot Misses the Net.
2:08 of 1st period - Minor Penalty to Greg Rallo for Interference.
2:09 of 1st period - Bobby Butler wins face-off versus Andrej Nestrasil in Pirates zone.
4:02 of 1st period - Slapshot by Ben Street.
4:02 of 1st period - Stopped by Malcolm Subban with a rebound.
4:08 of 1st period - Penalty to Greg Rallo is over, Greg Rallo is back on ice.
4:20 of 1st period - Raphael Bussieres is hit by Mike Komisarek and loses puck.
4:29 of 1st period - Wrist shot by Andrew Joudrey.
4:29 of 1st period - Shot Blocked by Brandon Segal.
4:31 of 1st period - Wrist shot by Andrew Joudrey.
4:31 of 1st period - Stopped by Malcolm Subban with a rebound.
4:33 of 1st period - Slapshot by Andrew Joudrey.
4:33 of 1st period - Shot Hit the Post.
4:35 of 1st period - Slapshot by Brett Hextall.
4:35 of 1st period - Shot Misses the Net.
5:41 of 1st period - Andrew Joudrey is hit by Eric Tangradi and loses puck.
7:16 of 1st period - Raphael Bussieres is hit by Eric Tangradi and loses puck.
7:30 of 1st period - Andrej Nestrasil is hit by Brandon Segal and loses puck.
7:45 of 1st period - Slapshot by Aaron Rome.
7:45 of 1st period - Shot Blocked by Tanner Richard.
7:47 of 1st period - Wrist shot by Bobby Butler.
7:47 of 1st period - Goal by Bobby Butler - Pirates : 4 - Monsters : 0.
7:47 of 1st period - Farm Player100 enters game.
7:48 of 1st period - Andrew Joudrey wins face-off versus David Steckel in neutral zone.
7:59 of 1st period - Backhand shot by Bobby Butler.
7:59 of 1st period - Shot Blocked by Brett Hextall.
8:01 of 1st period - Slapshot by Aaron Rome.
8:01 of 1st period - Deflect By Andrew Joudrey.
8:01 of 1st period - Goal by Aaron Rome - Pirates : 5 - Monsters : 0.
8:02 of 1st period - Tobias Rieder wins face-off versus Max Friberg in neutral zone.
8:10 of 1st period - Snap shot by Arron Asham.
8:10 of 1st period - Shot Blocked by Ben Street.
8:34 of 1st period - Wrist shot by Nick Johnson.
8:34 of 1st period - Shot Blocked by Max Friberg.
8:36 of 1st period - Snap shot by Arron Asham.
8:36 of 1st period - Shot Misses the Net.
8:38 of 1st period - Backhand shot by Aaron Rome.
8:38 of 1st period - Shot Misses the Net.
8:52 of 1st period - Andrew Alberts is hit by Paul Bissonnette and loses puck.
9:03 of 1st period - Ryan Stoa is hit by Benn Ferriero and loses puck.
9:16 of 1st period - Wrist shot by Andrej Nestrasil.
9:16 of 1st period - Shot Misses the Net.
9:52 of 1st period - Slapshot by Justin Mercier.
9:52 of 1st period - Stopped by Malcolm Subban without a rebound.
9:53 of 1st period - Alex Broadhurst wins face-off versus Tanner Richard in Pirates zone.
9:53 of 1st period - Alex Broadhurst is hit by Farm Player18.
10:04 of 1st period - Icing by Farm Player18.
10:05 of 1st period - Justin Mercier wins face-off versus Alex Broadhurst in Monsters zone.
10:21 of 1st period - Minor Penalty to Farm Player18 for Hooking.
10:22 of 1st period - David Steckel wins face-off versus Benn Ferriero in Monsters zone.
10:24 of 1st period - Slapshot by Mike Komisarek.
10:24 of 1st period - Deflect By Bobby Butler.
10:24 of 1st period - Shot Blocked by Andrej Nestrasil.
10:24 of 1st period - Puck is out of play.
10:25 of 1st period - David Steckel wins face-off versus Benn Ferriero in Monsters zone.
10:34 of 1st period - Wrist shot by Mike Komisarek.
10:34 of 1st period - Goal by Mike Komisarek - Pirates : 6 - Monsters : 0.
10:35 of 1st period - Peter Holland wins face-off versus Ben Street in neutral zone.
10:38 of 1st period - Max Friberg is hit by Eric Tangradi and loses puck.
10:47 of 1st period - Snap shot by Ben Street.
10:47 of 1st period - Stopped by Malcolm Subban without a rebound.
10:48 of 1st period - Peter Holland wins face-off versus Max Friberg in Pirates zone.
10:48 of 1st period - Peter Holland is hit by Gleason Fournier.
11:00 of 1st period - Snap shot by Peter Holland.
11:00 of 1st period - Stopped by Farm Player100 with a rebound.
11:49 of 1st period - Farm Player33 is hit by Mike Komisarek and loses puck.
12:15 of 1st period - Snap shot by Arron Asham.
12:15 of 1st period - Shot Misses the Net.
12:17 of 1st period - Snap shot by Tobias Rieder.
12:17 of 1st period - Deflect By Nick Johnson.
12:17 of 1st period - Shot Blocked by Brett Hextall.
12:17 of 1st period - Puck is out of play.
12:18 of 1st period - Andrew Joudrey wins face-off versus Tobias Rieder in Monsters zone.
13:07 of 1st period - Alex Broadhurst is hit by Farm Player32.
13:13 of 1st period - Slapshot by Aaron Rome.
13:13 of 1st period - Deflect By Max Friberg.
13:13 of 1st period - Goal by Aaron Rome - Pirates : 7 - Monsters : 0.
13:14 of 1st period - Tanner Richard wins face-off versus Bobby Butler in neutral zone.
13:23 of 1st period - Wrist shot by Benn Ferriero.
13:23 of 1st period - Shot Misses the Net.
13:25 of 1st period - Wrist shot by Justin Mercier.
13:25 of 1st period - Stopped by Malcolm Subban without a rebound.
13:26 of 1st period - David Steckel wins face-off versus Tanner Richard in Pirates zone.
13:26 of 1st period - David Steckel is hit by Benn Ferriero.
13:29 of 1st period - Minor Penalty to David Steckel for Holding Stick.
13:30 of 1st period - Bobby Butler wins face-off versus Andrej Nestrasil in Pirates zone.
14:48 of 1st period - Slapshot by Ben Street.
14:48 of 1st period - Deflect By Max Friberg.
14:48 of 1st period - Shot Misses the Net.
14:48 of 1st period - Puck is out of play.
14:49 of 1st period - Andrej Nestrasil wins face-off versus Arron Asham in Pirates zone.
15:02 of 1st period - Snap shot by Andrej Nestrasil.
15:02 of 1st period - Deflect By Andrew Joudrey.
15:02 of 1st period - Stopped by Malcolm Subban with a rebound.
15:29 of 1st period - Penalty to David Steckel is over, David Steckel is back on ice.
15:32 of 1st period - Ryan Stoa is hit by Gleason Fournier and loses puck.
15:45 of 1st period - Benn Ferriero is hit by Andrew Alberts and loses puck.
15:52 of 1st period - Snap shot by Benn Ferriero.
15:52 of 1st period - Shot Misses the Net.
16:00 of 1st period - Wrist shot by Tanner Richard.
16:00 of 1st period - Shot Misses the Net.
16:23 of 1st period - Minor Penalty to Farm Player13 for Roughing.
16:24 of 1st period - Peter Holland wins face-off versus Benn Ferriero in Monsters zone.
17:01 of 1st period - Wrist shot by Ryan Stoa.
17:01 of 1st period - Goal by Ryan Stoa - Pirates : 8 - Monsters : 0.
17:01 of 1st period - Farm Player80 enters game.
17:02 of 1st period - Ben Street wins face-off versus Tobias Rieder in neutral zone.
17:27 of 1st period - Wrist shot by Paul Bissonnette.
17:27 of 1st period - Goal by Paul Bissonnette - Pirates : 8 - Monsters : 1.
17:28 of 1st period - Andrew Joudrey wins face-off versus David Steckel in neutral zone.
17:41 of 1st period - Snap shot by Andrew Joudrey.
17:41 of 1st period - Shot Blocked by Mike Komisarek.
17:43 of 1st period - Slapshot by Gleason Fournier.
17:43 of 1st period - Shot Blocked by Bobby Butler.
17:45 of 1st period - Wrist shot by Brett Hextall.
17:45 of 1st period - Shot Misses the Net.
17:47 of 1st period - Slapshot by Andrew Joudrey.
17:47 of 1st period - Shot Misses the Net.
18:06 of 1st period - Wrist shot by Brett Hextall.
18:06 of 1st period - Deflect By Andrew Joudrey.
18:06 of 1st period - Shot Blocked by Ryan Stoa.
18:06 of 1st period - Puck is out of play.
18:07 of 1st period - Ben Street wins face-off versus Peter Holland in Pirates zone.
18:12 of 1st period - Snap shot by Ben Street.
18:12 of 1st period - Shot Misses the Net.
18:24 of 1st period - Slapshot by Peter Holland.
18:24 of 1st period - Stopped by Farm Player80 with a rebound.
18:26 of 1st period - Slapshot by Brandon Segal.
18:26 of 1st period - Shot Misses the Net.
18:28 of 1st period - Slapshot by Henrik Tommernes.
18:28 of 1st period - Deflect By Ben Street.
18:28 of 1st period - Stopped by Farm Player80 with a rebound.
19:00 of 1st period - Henrik Tommernes is hit by Andrej Nestrasil.
19:08 of 1st period - Snap shot by Tobias Rieder.
19:08 of 1st period - Stopped by Farm Player80 without a rebound.
19:09 of 1st period - Tobias Rieder wins face-off versus Tanner Richard in Monsters zone.
19:24 of 1st period - Gleason Fournier is hit by Mike Komisarek and loses puck.
19:48 of 1st period - Icing by Hal Gill.
19:49 of 1st period - Tobias Rieder wins face-off versus Andrew Joudrey in Pirates zone.
Goals for this period are 8 for Pirates vs 1 for Monsters.
Shots for this period are 13 for Pirates vs 7 for Monsters.

2nd period


0:01 of 2nd period - Bobby Butler wins face-off versus Andrej Nestrasil in neutral zone.
0:26 of 2nd period - Wrist shot by Mike Komisarek.
0:26 of 2nd period - Deflect By Bobby Butler.
0:26 of 2nd period - Stopped by Farm Player80 with a rebound.
0:53 of 2nd period - David Steckel is hit by Paul Bissonnette and loses puck.
1:06 of 2nd period - Henrik Tommernes is hit by Paul Bissonnette and loses puck.
1:11 of 2nd period - Snap shot by Paul Bissonnette.
1:11 of 2nd period - Deflect By Ben Street.
1:11 of 2nd period - Stopped by Malcolm Subban with a rebound.
1:55 of 2nd period - Wrist shot by Andrew Joudrey.
1:55 of 2nd period - Deflect By Tobias Rieder.
1:55 of 2nd period - Shot Misses the Net.
1:55 of 2nd period - Puck is out of play.
1:56 of 2nd period - Tobias Rieder wins face-off versus Raphael Bussieres in Pirates zone.
2:19 of 2nd period - Nick Johnson is hit by Brett Hextall and loses puck.
2:59 of 2nd period - Slapshot by Bobby Butler.
2:59 of 2nd period - Shot Blocked by Benn Ferriero.
3:01 of 2nd period - Slapshot by Hal Gill.
3:01 of 2nd period - Stopped by Farm Player80 with a rebound.
3:11 of 2nd period - Eric Tangradi is hit by Farm Player33 and loses puck.
3:40 of 2nd period - Minor Penalty to Farm Player18 for Diving.
3:41 of 2nd period - Benn Ferriero wins face-off versus David Steckel in Monsters zone.
3:52 of 2nd period - Snap shot by Bobby Butler.
3:52 of 2nd period - Deflect By Ryan Stoa.
3:52 of 2nd period - Shot Misses the Net.
3:52 of 2nd period - Puck is out of play.
3:53 of 2nd period - Benn Ferriero wins face-off versus David Steckel in Monsters zone.
5:13 of 2nd period - Wrist shot by Bobby Butler.
5:13 of 2nd period - Shot Misses the Net.
5:15 of 2nd period - Backhand shot by Aaron Rome.
5:15 of 2nd period - Stopped by Farm Player80 with a rebound.
5:29 of 2nd period - Snap shot by Eric Tangradi.
5:29 of 2nd period - Shot Misses the Net.
5:40 of 2nd period - Penalty to Farm Player18 is over, Farm Player18 is back on ice.
5:51 of 2nd period - Snap shot by Nick Johnson.
5:51 of 2nd period - Stopped by Farm Player80 with a rebound.
6:42 of 2nd period - Andrew Joudrey is hit by Vincent LoVerde and loses puck.
7:07 of 2nd period - Andrew Alberts is hit by Andrew Joudrey and loses puck.
7:14 of 2nd period - Snap shot by Ryan Stoa.
7:14 of 2nd period - Stopped by Farm Player80 with a rebound.
8:26 of 2nd period - Wrist shot by Aaron Rome.
8:26 of 2nd period - Stopped by Farm Player80 with a rebound.
8:28 of 2nd period - Slapshot by Andrew Alberts.
8:28 of 2nd period - Deflect By Ben Street.
8:28 of 2nd period - Stopped by Farm Player80 with a rebound.
9:06 of 2nd period - Snap shot by Mike Komisarek.
9:06 of 2nd period - Stopped by Farm Player80 without a rebound.
9:07 of 2nd period - Peter Holland wins face-off versus Andrew Joudrey in Monsters zone.
9:39 of 2nd period - Icing by Justin Mercier.
9:40 of 2nd period - Tanner Richard wins face-off versus David Steckel in Monsters zone.
9:40 of 2nd period - Tanner Richard is hit by Vincent LoVerde.
10:30 of 2nd period - Andrew Joudrey is hit by Nick Johnson and loses puck.
10:42 of 2nd period - Minor Penalty to Arron Asham for Tripping.
10:43 of 2nd period - Ben Street wins face-off versus Bobby Butler in Pirates zone.
10:58 of 2nd period - Snap shot by Ben Street.
10:58 of 2nd period - Shot Blocked by Andrew Alberts.
11:00 of 2nd period - Wrist shot by Ben Street.
11:00 of 2nd period - Shot Misses the Net.
11:32 of 2nd period - Brandon Segal is hit by Paul Bissonnette and loses puck.
11:57 of 2nd period - Aaron Rome is hit by Andrej Nestrasil.
12:42 of 2nd period - Penalty to Arron Asham is over, Arron Asham is back on ice.
13:01 of 2nd period - Raphael Bussieres is hit by Henrik Tommernes and loses puck.
13:21 of 2nd period - Justin Mercier is hit by Nick Johnson and loses puck.
13:32 of 2nd period - Wrist shot by Tanner Richard.
13:32 of 2nd period - Shot Blocked by Vincent LoVerde.
13:49 of 2nd period - Vincent LoVerde is hit by Raphael Bussieres and loses puck.
14:24 of 2nd period - Wrist shot by Tanner Richard.
14:24 of 2nd period - Stopped by Malcolm Subban with a rebound.
15:23 of 2nd period - Bobby Butler is hit by Paul Bissonnette.
16:16 of 2nd period - Raphael Bussieres is hit by Greg Rallo and loses puck.
16:59 of 2nd period - Wrist shot by Peter Holland.
16:59 of 2nd period - Stopped by Farm Player80 without a rebound.
17:00 of 2nd period - Peter Holland wins face-off versus Andrew Joudrey in Monsters zone.
17:23 of 2nd period - Raphael Bussieres is hit by Aaron Rome.
17:44 of 2nd period - Snap shot by Nick Johnson.
17:44 of 2nd period - Stopped by Farm Player80 with a rebound.
17:55 of 2nd period - Icing by Justin Mercier.
17:56 of 2nd period - Tanner Richard wins face-off versus Peter Holland in Monsters zone.
18:25 of 2nd period - Tanner Richard is hit by Hal Gill and loses puck.
18:29 of 2nd period - Icing by Tanner Richard.
18:30 of 2nd period - Tanner Richard wins face-off versus Alex Broadhurst in Monsters zone.
18:41 of 2nd period - Snap shot by Ben Street.
18:41 of 2nd period - Shot Blocked by Alex Broadhurst.
18:43 of 2nd period - Slapshot by Max Friberg.
18:43 of 2nd period - Stopped by Malcolm Subban with a rebound.
18:45 of 2nd period - Snap shot by Ben Street.
18:45 of 2nd period - Shot Blocked by Aaron Rome.
18:47 of 2nd period - Backhand shot by Farm Player18.
18:47 of 2nd period - Shot Misses the Net.
18:49 of 2nd period - Snap shot by Max Friberg.
18:49 of 2nd period - Shot Misses the Net.
18:51 of 2nd period - Wrist shot by Max Friberg.
18:51 of 2nd period - Stopped by Malcolm Subban without a rebound.
18:52 of 2nd period - Ben Street wins face-off versus Tobias Rieder in Pirates zone.
Goals for this period are 0 for Pirates vs 0 for Monsters.
Shots for this period are 10 for Pirates vs 4 for Monsters.

3rd period


0:01 of 3rd period - Andrej Nestrasil wins face-off versus David Steckel in neutral zone.
0:25 of 3rd period - Minor Penalty to Farm Player35 for High sticking.
0:26 of 3rd period - Peter Holland wins face-off versus Benn Ferriero in Monsters zone.
0:47 of 3rd period - Andrej Nestrasil is hit by Peter Holland and loses puck.
0:54 of 3rd period - Snap shot by Peter Holland.
0:54 of 3rd period - Shot Blocked by Benn Ferriero.
0:56 of 3rd period - Backhand shot by Brandon Segal.
0:56 of 3rd period - Shot Misses the Net.
0:58 of 3rd period - Snap shot by Mike Komisarek.
0:58 of 3rd period - Shot Blocked by Gleason Fournier.
1:00 of 3rd period - Wrist shot by Eric Tangradi.
1:00 of 3rd period - Shot Blocked by Andrej Nestrasil.
1:02 of 3rd period - Snap shot by Hal Gill.
1:02 of 3rd period - Stopped by Farm Player80 with a rebound.
1:16 of 3rd period - Benn Ferriero is hit by Mike Komisarek.
1:26 of 3rd period - Benn Ferriero is hit by Ryan Stoa and loses puck.
1:59 of 3rd period - Farm Player32 is hit by Brandon Segal and loses puck.
2:25 of 3rd period - Penalty to Farm Player35 is over, Farm Player35 is back on ice.
3:02 of 3rd period - Hal Gill is hit by Farm Player27 and loses puck.
4:20 of 3rd period - Peter Holland is hit by Justin Mercier and loses puck.
4:27 of 3rd period - Benn Ferriero is hit by Eric Tangradi and loses puck.
4:34 of 3rd period - Slapshot by Peter Holland.
4:34 of 3rd period - Stopped by Farm Player80 with a rebound.
4:48 of 3rd period - Justin Mercier is hit by Nick Johnson and loses puck.
4:57 of 3rd period - Snap shot by Arron Asham.
4:57 of 3rd period - Stopped by Farm Player80 with a rebound.
4:59 of 3rd period - Slapshot by Tobias Rieder.
4:59 of 3rd period - Pirates goal is going for a video replay.
4:59 of 3rd period - The goal is good.
4:59 of 3rd period - Goal by Tobias Rieder - Pirates : 9 - Monsters : 1.
5:00 of 3rd period - Peter Holland wins face-off versus Andrew Joudrey in neutral zone.
5:38 of 3rd period - Slapshot by Ryan Stoa.
5:38 of 3rd period - Stopped by Farm Player80 with a rebound.
5:40 of 3rd period - Wrist shot by Ryan Stoa.
5:40 of 3rd period - Stopped by Farm Player80 with a rebound.
5:42 of 3rd period - Wrist shot by David Steckel.
5:42 of 3rd period - Shot Misses the Net.
5:44 of 3rd period - Slapshot by Henrik Tommernes.
5:44 of 3rd period - Shot Misses the Net.
5:46 of 3rd period - Snap shot by Bobby Butler.
5:46 of 3rd period - Stopped by Farm Player80 with a rebound.
6:00 of 3rd period - Snap shot by Tobias Rieder.
6:00 of 3rd period - Shot Blocked by Farm Player18.
6:02 of 3rd period - Slapshot by Henrik Tommernes.
6:02 of 3rd period - Shot Blocked by Brett Hextall.
6:04 of 3rd period - Snap shot by Vincent LoVerde.
6:04 of 3rd period - Shot Blocked by Raphael Bussieres.
6:06 of 3rd period - Slapshot by Vincent LoVerde.
6:06 of 3rd period - Stopped by Farm Player80 with a rebound.
6:26 of 3rd period - Paul Bissonnette is hit by Henrik Tommernes and loses puck.
7:18 of 3rd period - Icing by Justin Mercier.
7:19 of 3rd period - Alex Broadhurst wins face-off versus Tanner Richard in Monsters zone.
9:18 of 3rd period - Slapshot by Tanner Richard.
9:18 of 3rd period - Stopped by Malcolm Subban without a rebound.
9:19 of 3rd period - Peter Holland wins face-off versus Tanner Richard in Pirates zone.
9:24 of 3rd period - Peter Holland is hit by Tanner Richard and loses puck.
10:32 of 3rd period - Snap shot by Greg Rallo.
10:32 of 3rd period - Shot Blocked by Andrew Joudrey.
10:48 of 3rd period - Minor Penalty to Aaron Rome for Hooking.
10:49 of 3rd period - Bobby Butler wins face-off versus Andrej Nestrasil in Pirates zone.
11:08 of 3rd period - Wrist shot by Andrew Joudrey.
11:08 of 3rd period - Stopped by Malcolm Subban with a rebound.
11:28 of 3rd period - Arron Asham is hit by Farm Player35 and loses puck.
11:52 of 3rd period - Snap shot by Arron Asham.
11:52 of 3rd period - Stopped by Farm Player80 with a rebound.
11:58 of 3rd period - David Steckel is hit by Raphael Bussieres and loses puck.
12:16 of 3rd period - Backhand shot by Farm Player13.
12:16 of 3rd period - Stopped by Malcolm Subban without a rebound.
12:17 of 3rd period - Brandon Segal wins face-off versus Ben Street in Pirates zone.
12:48 of 3rd period - Penalty to Aaron Rome is over, Aaron Rome is back on ice.
13:12 of 3rd period - Justin Mercier is hit by Brandon Segal and loses puck.
14:00 of 3rd period - Snap shot by Andrew Joudrey.
14:00 of 3rd period - Shot Blocked by Tobias Rieder.
14:16 of 3rd period - Alex Broadhurst is hit by Tanner Richard and loses puck.
14:27 of 3rd period - Slapshot by Bobby Butler.
14:27 of 3rd period - Goal by Bobby Butler - Pirates : 10 - Monsters : 1.
14:28 of 3rd period - Ben Street wins face-off versus Peter Holland in neutral zone.
15:05 of 3rd period - Bobby Butler is hit by Paul Bissonnette and loses puck.
15:16 of 3rd period - Wrist shot by Bobby Butler.
15:16 of 3rd period - Stopped by Farm Player80 with a rebound.
15:18 of 3rd period - Snap shot by David Steckel.
15:18 of 3rd period - Shot Misses the Net.
15:38 of 3rd period - Snap shot by Nick Johnson.
15:38 of 3rd period - Deflect By Tobias Rieder.
15:38 of 3rd period - Shot Misses the Net.
15:38 of 3rd period - Puck is out of play.
15:39 of 3rd period - Andrej Nestrasil wins face-off versus Tobias Rieder in Monsters zone.
16:19 of 3rd period - Slapshot by Henrik Tommernes.
16:19 of 3rd period - Shot Blocked by Andrew Joudrey.
16:21 of 3rd period - Snap shot by Peter Holland.
16:21 of 3rd period - Shot Misses the Net.
16:23 of 3rd period - Wrist shot by Brandon Segal.
16:23 of 3rd period - Stopped by Farm Player80 with a rebound.
16:25 of 3rd period - Slapshot by Henrik Tommernes.
16:25 of 3rd period - Goal by Henrik Tommernes - Pirates : 11 - Monsters : 1.
16:26 of 3rd period - Andrew Joudrey wins face-off versus David Steckel in neutral zone.
16:46 of 3rd period - Icing by Raphael Bussieres.
16:47 of 3rd period - Andrew Joudrey wins face-off versus Peter Holland in Monsters zone.
16:47 of 3rd period - Andrew Joudrey is hit by Andrew Alberts.
17:11 of 3rd period - Farm Player35 is hit by Peter Holland and loses puck.
17:52 of 3rd period - Snap shot by Bobby Butler.
17:52 of 3rd period - Deflect By Ben Street.
17:52 of 3rd period - Shot Blocked by Farm Player32.
17:52 of 3rd period - Puck is out of play.
17:53 of 3rd period - Ben Street wins face-off versus Tobias Rieder in Monsters zone.
17:58 of 3rd period - Arron Asham is hit by Paul Bissonnette and loses puck.
18:11 of 3rd period - Slapshot by Raphael Bussieres.
18:11 of 3rd period - Stopped by Malcolm Subban with a rebound.
18:13 of 3rd period - Wrist shot by Raphael Bussieres.
18:13 of 3rd period - Stopped by Malcolm Subban without a rebound.
18:14 of 3rd period - Andrew Joudrey wins face-off versus David Steckel in Pirates zone.
18:19 of 3rd period - Wrist shot by Raphael Bussieres.
18:19 of 3rd period - Stopped by Malcolm Subban with a rebound.
18:51 of 3rd period - Minor Penalty to Farm Player18 for Hooking.
18:52 of 3rd period - Benn Ferriero wins face-off versus Peter Holland in Monsters zone.
19:05 of 3rd period - Snap shot by Andrej Nestrasil.
19:05 of 3rd period - Stopped by Malcolm Subban with a rebound.
19:19 of 3rd period - Minor Penalty to Brandon Segal for Hooking.
19:20 of 3rd period - Bobby Butler wins face-off versus Benn Ferriero in Pirates zone.
19:24 of 3rd period - Off-side.
19:25 of 3rd period - Bobby Butler wins face-off versus Benn Ferriero in neutral zone.
19:34 of 3rd period - Slapshot by Mike Komisarek.
19:34 of 3rd period - Stopped by Farm Player80 with a rebound.
19:56 of 3rd period - Snap shot by Farm Player35.
19:56 of 3rd period - Shot Misses the Net.
Goals for this period are 3 for Pirates vs 0 for Monsters.
Shots for this period are 14 for Pirates vs 7 for Monsters.


Output by the SimonT Hockey Simulator (STHS) for Eric Dolegowski -- Original Page W3C XHTML 1.0 Valid
Hockey Simulator - Hockey Simulation - Hockey Manager